 Dungeon Crawl Stone Soup version 0.21-a0-531-gacddea6 (webtiles) character file.

32 mortelune the Firebug (level 3, 0/26 HPs)
             Began as a Draconian Fire Elementalist on Dec 14, 2017.
             Slain by a phantom (6 damage)
             ... on level 2 of the Dungeon.
             The game lasted 00:08:02 (2619 turns).

mortelune the Firebug (Draconian Fire Elementalist) Turns: 2619, Time: 00:08:03

Health: 0/26       AC:  6    Str: 10    XL:     3   Next: 8%
Magic:  2/6        EV: 12    Int: 16    God:
Gold:   42         SH:  0    Dex: 11    Spells: 0/6 levels left

rFire    . . .     SeeInvis .   s - +0 spear
rCold    . . .     Gourm    .   (no shield)
rNeg     . . .     Faith    .   (armour unavailable)
rPois    .         Spirit   .   (helmet restricted)
rElec    .         Reflect  .   n - +0 cloak
rCorr    .         Harm     .   (no gloves)
MR       +....                  p - -1 pair of boots (curse)
Stlth    ++........             l - amulet of inaccuracy (curse)
HPRegen  0.08/turn              o - ring of protection from magic
MPRegen  0.10/turn              (no ring)

@: no status effects
A: unfitting armour, cold-blooded, AC +5
a: no special abilities


You were on level 2 of the Dungeon.
You were hungry.

You visited 1 branch of the dungeon, and saw 2 of its levels.

You collected 42 gold pieces.

Inventory:

Hand Weapons
 f - a +0 whip
 h - a +0 hunting sling
 s - a +0 spear (weapon)
Missiles
 i - 27 stones (quivered)
Armour
 n - a +0 cloak (worn)
 p - a cursed -1 pair of boots (worn)
Jewellery
 l - a cursed amulet of inaccuracy (around neck)
 o - a ring of protection from magic (left hand)
Scrolls
 j - a scroll of identify {unknown}
 k - a scroll of teleportation
 r - a scroll of immolation {unknown}
Potions
 c - a potion of haste {unknown}
 d - a potion of might {unknown}
 e - 2 potions of mutation {unknown}
 g - a potion of heal wounds {unknown}
 m - a potion of brilliance {unknown}
 q - a potion of magic {unknown}
Books
 a - a book of Flames

   Spells                             Type                      Level
   a - Flame Tongue                   Conjuration/Fire             1
   b - Throw Flame                    Conjuration/Fire             2
   c - Conjure Flame                  Conjuration/Fire             3
   d - Inner Flame                    Hexes/Fire                   3
   e - Sticky Flame                   Conjuration/Fire             4
   f - Fireball                       Conjuration/Fire             5
Comestibles
 b - 2 bread rations
 t - 3 chunks of flesh
 u - a meat ration


   Skills:
 - Level 1.7 Dodging
 - Level 1.7 Stealth
 + Level 2.3 Spellcasting
 + Level 2.2 Conjurations
 + Level 3.3 Fire Magic


You couldn't memorise any spells.
You knew the following spells:

 Your Spells              Type           Power        Failure   Level  Hunger
a - Flame Tongue          Conj/Fire      ##...        6%          1    #......
b - Throw Flame           Conj/Fire      ##....       10%         2    ###....
c - Conjure Flame         Conj/Fire      ##......     19%         3    ###....


Dungeon Overview and Level Annotations

Branches:
Dungeon (2/15)

Altars:


Innate Abilities, Weirdness & Mutations

Your plain brown scales are hard. (AC +5)
You cannot fit into any form of body armour.
You are cold-blooded and may be slowed by cold attacks.


Message History

The phantom hits you.
* * * LOW HITPOINT WARNING * * *
The phantom blinks!
The phantom blinks!
Casting: Flame Tongue
Confirm with . or Enter, or press ? or * to list all spells.
Aiming: Flame Tongue
Press: ? - help, Shift-Dir - straight line, f/p - phantom
Aim: a phantom (moderately damaged)
The flame tongue hits the phantom.
The phantom is heavily damaged.
Casting: Flame Tongue
Confirm with . or Enter, or press ? or * to list all spells.
Aiming: Flame Tongue
Press: ? - help, Shift-Dir - straight line, f/p - phantom
Aim: a phantom (heavily damaged)
The flame tongue hits the phantom.
The phantom is almost destroyed.
The phantom hits you.
You die...

#.# #.# #.# #.# #####.# #.#
#..<#.# #.######## #.###.#
#........######## #### #.#
#.# #.>......'....... ...
#.# #.# #........########
#. #.# #.#
#........############## #.#
#.###.....@W.'.............
#.#
#............##############
###.######.........#####
......)..#..####........ ##
########.#..############ +.
#.#......... ##
#.#.######## #.#.......#
#.#######.#


You could see a phantom.

Vanquished Creatures
  A dart slug (D:1)
  A ball python (D:2)
  6 bats (D:1)
  A giant cockroach (D:1)
  4 goblins
  A hobgoblin (D:1)
  5 jackals (D:1)
  3 kobolds (D:1)
  A quokka (D:2)
  3 rats
26 creatures vanquished.

Notes
Turn   | Place    | Note
-------+----------+-------------------------------------------
     0 | D:1      | mortelune the Draconian Fire Elementalist began the quest for the Orb.
     0 | D:1      | Reached XP level 1. HP: 14/14 MP: 3/3
   483 | D:1      | Reached XP level 2. HP: 20/20 MP: 3/5
   575 | D:1      | Learned a level 2 spell: Throw Flame
  2227 | D:2      | Reached XP level 3. HP: 26/26 MP: 2/6
  2232 | D:2      | Learned a level 3 spell: Conjure Flame
  2557 | D:2      | Noticed a phantom
  2619 | D:2      | Slain by a phantom

Vault maps used:
D:1:      minmay_arrival_stair_chambers

Skill      XL: |  1  2 |
---------------+-------+-----
Conjurations   | 2 |  2.2
Dodging        | |  1.7
Stealth        | |  1.7
Spellcasting   | |  2.3
Fire Magic     | |  3.3

Action                   || total
-------------------------++-------
Melee: Unarmed           ||    13
       Whip              ||     6
       Spear             ||     8
       Tailslap          ||     1
 Cast: Flame Tongue      ||    44
       Throw Flame       ||    15
  Use: Scroll            ||     1
  Eat: Chunk             ||     2
       Bread ration      ||     1
Armor: Skin              ||    18
Dodge: Dodged            ||    62

Table legend:
 A = Spawn XP
 B = Non-spawn XP
 C = Spawn XP percentage of total XP
 D = Spawn monster count
 E = Non-spawn monster count
 F = Spawn count percentage of total count
 G = Total turns spent on level
                    A         B        C        D         E        F      G
               +---------+---------+-------+---------+---------+-------+---------
         Total |       0 |      46 |   0.0 |       0 |      26 |   0.0 |  2619
               +---------+---------+-------+---------+---------+-------+---------
           D:1 |       0 |      40 |   0.0 |       0 |      22 |   0.0 |  2214
           D:2 |       0 |       6 |   0.0 |       0 |       4 |   0.0 |   405
               +---------+---------+-------+---------+---------+-------+---------
